Map: Abiogenesis LE

Players

unhedged

  • Race: Zerg Zerg
  • League: Diamond
  • Spawn Location: 11:00

Cheater 1 (Vision) - Winner!

  • Race: Zerg Zerg
  • Spawn Location: 5:00

VOD

Have the link to the VOD?

Description

Time

  • Played on: April 8, 2018, 9:16 p.m.
  • Length: 4:03
Show
View Real Time Build Order
Export as new Build Order

unhedged Zerg 

Build Orders: Pool Only, Ravager All-In 

Get SALT Encoding   

  12  0:18  Spawning Pool  
  11  0:22  Extractor  
  11  0:25  Drone  
  11  0:30  Drone  
  12  0:36  Drone  
  13  0:44  Drone  
  14  0:51  Overlord  
  14  1:09  Roach Warren  
  13  1:12  Extractor  
  13  1:17  Drone  
  13  1:21  Drone  
  14  1:50  Roach x3  
  20  2:10  Spore Crawler  
  20  2:11  Ravager  
  20  2:12  Ravager x2  
  23  2:16  Overlord  
  23  2:35  Roach x2  
  27  2:44  Roach  
  29  3:04  Overlord  
  29  3:15  Ravager  
  27  3:22  Roach  
  26  3:30  Ravager x2  
  28  3:37  Roach x2  
  32  3:44  Roach  
  31  3:55  Ravager  
Show
View Real Time Build Order
Export as new Build Order

Cheater 1 (Vision) Zerg - Winner!

Build Orders: Pool First 

Get SALT Encoding   

  12  0:00  Drone  
  13  0:12  Overlord  
  13  0:16  Drone  
  14  0:31  Drone  
  15  0:40  Spawning Pool, Drone  
  15  0:45  Drone  
  15  0:49  Drone  
  17  0:51  Extractor  
  17  0:56  Drone  
  17  1:06  Drone  
  18  1:17  Drone  
  19  1:27  Queen  
  19  1:29  Zergling x2  
  19  1:31  Roach Warren  
  21  1:39  Overlord  
  21  1:49  Drone  
  22  2:00  Overlord  
  22  2:11  Roach  
  24  2:21  Roach  
  26  2:25  Hatchery  
  25  2:32  Drone  
  25  2:34  Roach x2  
  30  2:37  Roach  
  34  2:44  Roach  
  34  2:55  Zergling x2  
  34  3:05  Overlord  
  34  3:06  Zergling x4  
  34  3:09  Zergling x2  
  35  3:17  Roach  
  32  3:28  Roach  
  34  3:36  Zergling x2  
  34  3:38  Zergling x4  
  34  3:39  Zergling x2  
  34  3:40  Baneling Nest  
  36  3:45  Zergling x2  
Tags
 
Add a new tag
Caveats
  • Supply blocks, unpowered buildings, or Contaminate may cause inaccurate times.
  • Supply counts are checked every 10 seconds.